 BcadrenCrawl: Boulder Brew version 0.04.2-20-g1dbc4a6302 (webtiles) character file.

Game seed: 2745212209298452919, levelgen mode: deterministic

4092 st0uf the Grappler (level 10, 0/84 HPs) Purple Draconian Demonspawn. Began on May 24, 2021. Was a Believer of Bahamut & Tiamat. Slain by a guardian mummy ... wielding a +0 mace (8 damage) ... on level 5 of the Dungeon. The game lasted 00:19:46 (3403 turns).

st0uf the Grappler (Purple Draconian Demonspawn)    Turns: 3403, Time: 00:19:47

Health: 0/84       AC:  6    Str: 17    XL:     10 ^: 5126
Magic:  19/19      EV: 15    Int: 12    God:    Bahamut & Tiamat [2* [52]]
Gold:   219        SH:  0    Dex: 19    Spells: 18/21 levels left

rFire    . . .     Vision   .     - Unarmed
rCold    . . .     Gourm    .     - Unarmed
rNeg     . . .     Faith    .   (armour unavailable)
rPois    .         Spirit   .   (helmet restricted)
rElec    .         Reflect  .   (no cloak)
rCorr    .         Harm     .   (no gloves)
MR       ++...                  (no boots)
Stlth    +++.......             (no amulet)
HPRegen  0.38/turn              f - ring of stealth
MPRegen  0.29/turn              p - ring of dexterity

@: corroded
A: no body armour, unfitting armour, claws 2, thin metallic scales 1, spiny 2,
cold-blooded, boosted whips and flails aptitude, hexes enhancer 1, MR++, AC +8
a: Breathe Dispelling Energy, Choose Bahamut's Refined Breath, Choose Tiamat's
Adaptive Breath, Renounce Religion


You were on level 5 of the Dungeon.
You worshipped Bahamut & Tiamat.
Bahamut & Tiamat was pleased with you.
You were not hungry.

You visited 2 branches of the dungeon, and saw 6 of its levels.

You collected 219 gold pieces.

Inventory:

Jewellery
 f - a ring of stealth (left claw)
 p - a ring of dexterity (right claw)
Wands
 m - a wand of disintegration (16)
 o - a wand of polymorph (2)
Scrolls
 c - a scroll of blinking
 e - 3 scrolls of immolation
 i - a scroll of enchantment
 j - a scroll of amnesia
 k - a scroll of fog
 l - a scroll of acquirement
 q - a scroll of bless item
Potions
 a - 2 potions of resistance
 g - a potion of agility
 h - 3 potions of curing
 n - a potion of cure mutation
 r - a potion of magic
Comestibles
 b - 12 rations
 s - a chunk of flesh


   Skills:
 * Level 6.5 Fighting
 + Level 4.1 Dodging
 - Level 2.0 Stealth
 + Level 9.1 Unarmed Combat
 * Level 6.3 Spellcasting
 + Level 0.7 Hexes
 + Level 1.8 Fire Magic
 * Level 4.8 Invocations


You had 18 spell levels left.
You knew the following spells:

 Your Spells              Type           Power        Failure   Level  Hunger
a - Flame Tongue          Fire           8 (30)       9%          1    None
b - Slow                  Hex            8 (100)      21%         2    ##.....

Your spell library contained the following spells:

 Spells                   Type           Power        Failure   Level  Hunger
 Poisonous Vapours        Pois/Air       3 (50)       19%         1    None
 Blink                    Tloc           N/A          26%         2    ##.....
 Call Imp                 Summ           3 (100)      26%         2    ##.....
 Sting                    Pois           3 (25)       26%         2    ##.....
 Conjure Flame            Fire           8 (100)      26%         3    ###....
 Ignite Poison            Fire/Tmut      5 (100)      36%         3    ###....
 Mephitic Cloud           Pois/Air       3 (100)      47%         3    ###....
 Olgreb's Toxic Radiance  Pois           3 (100)      87%         4    ####...


Dungeon Overview and Level Annotations

Branches:
Dungeon (5/8)              Temple (1/1) D:4
   Lair: D:5

Altars:
Ashenzari Bahamut & Tiamat
Cheibriados
Dithmenos
Elyvilon
Fedhas Madash
Gozag Ym Sagoz
Hepliaklqana
Kikubaaqudgha
Makhleb
Nemelex Xobeh
Okawaru
Qazlal
Ru
Sif Muna
Trog
Uskayaw
Vehumet
Xom
Yredelemnul
Zin
The Shining One

Annotations:
D:5 Harold


Innate Abilities, Weirdness & Mutations

You cannot fit into any form of body armour.
Your rich purple scales are resilient. (AC +8)
You can breathe bolts of dispelling energy.
You have very sharp fingernails. (+4 Unarmed)
You are partially covered in thin metallic scales. (AC +2)
You are mostly covered in sharp spines.
You are cold-blooded and may be slowed by cold attacks.
You are naturally skilled at Whips & Flails (Aptitude +3).
You are in touch with the powers of hexes.
Your rich purple scales protect you from hostile magic. (MR++)


Message History

* * * LOW HITPOINT WARNING * * *
The acid corrodes you!
You are splashed with acid (4).
* * * LOW HITPOINT WARNING * * *
The hound skeleton barely misses you (0).
The hound zombie is struck by your spines (4).
The hound zombie barely misses you (0). Harold hits you but does no damage.
Your surroundings seem slightly different.
Found a scroll of random uselessness.
Unknown command.
The leopard gecko skeleton blinks!
The adder skeleton blinks!
The scorpion blinks!
The bullfrog skeleton blinks!
The adder skeleton blinks!
The bullfrog skeleton blinks!
The guardian mummy blinks!
The jackal blinks!
The hound skeleton blinks!
The adder zombie blinks!
The hound zombie blinks!
The adder skeleton blinks! x2; The adder zombie blinks!
Harold blinks!
The yak blinks!
The troll blinks!
The orc blinks!
The orc wizard blinks!
Yoink!
You're pulled towards a dispersal trap!
The yak is struck by your spines (10)! The yak gores you (1).
* * * LOW HITPOINT WARNING * * *
The guardian mummy hits you with a +0 mace (8)!
You die...

...§Z§§§§§8§§.Z.......8...
...Z§Z§..Z.Zo.†§......?...
..^...§ #§§ZZZMZZ†......##
....8..##§...Ms.........#
.........ZYZZsWZZ.........
#.§Z.§ZZZYZ†o.........
##ZZ§§.oMo.Y>.†.......
#8Zs.Z§sZo§§§s†.......
##MZ@ZY@§§§§ZZ†......
#.ZZW§.§M§.ZZ†.^...].
....§....§...........
.8....................
.....##..^..........^.#
.....##...............#
..........§............
........8...........8..
?........#####?.?...


You could see a guardian mummy, 2 yaks, a wraith, a mummy, 2 scorpions, 3 orcs,
2 adder zombies, a water moccasin zombie, a quokka zombie, a hound zombie, a
wyvern zombie, a worker ant zombie, a killer bee zombie and 2 adder skeletons.

Vanquished Creatures
  A wraith (D:4)
  A slime creature (D:2)
  2 phantoms
  An orc warrior (D:5)
  A necrophage (D:4)
  8 scorpions
  Duvessa (D:2)
  A porcupine (D:3)
  2 black bears (D:4)
  An ogre (D:3)
  2 crocodiles (D:2)
  6 big kobolds (D:2)
  4 bullfrogs
  A meliai zombie (D:4)
  Dowan (D:2)
  3 howler monkeys
  A hornet zombie (D:4)
  2 orc priests
  3 hounds
  4 jellies
  An orc wizard (D:4)
  2 mummies (D:5)
  A wyvern zombie (D:4)
  2 worker ants
  A water moccasin skeleton (D:5)
  9 giant cockroaches
  An iron imp (D:3)
  A bullfrog zombie (D:5)
  A porcupine skeleton (D:5)
  3 gnolls (D:4)
  A shadow imp (D:4)
  8 adders
  8 bullfrog skeletons
  3 worms (D:2)
  6 cinder newts
  A hound zombie (D:5)
  A killer bee zombie (D:5)
  6 oozes
  A hound skeleton (D:5)
  2 dart slugs (D:1)
  5 leopard geckos
  12 orcs
  7 adder skeletons
  3 adder zombies (D:5)
  A cinder newt skeleton (D:2)
  4 goblins (D:1)
  4 hobgoblins (D:1)
  20 jackals
  3 quokkas
  3 ball pythons
  5 bats
  A bat skeleton (D:2)
  2 hobgoblin skeletons (D:2)
  A jackal skeleton (D:3)
  28 kobolds
  An orc skeleton (D:2)
  5 rats (D:1)
  A rat skeleton (D:2)
  A slimehead (D:2)
  14 withered plants (D:2)
226 creatures vanquished.

Vanquished Creatures (others)
  A jackal (D:5)
  A kobold (D:2)
  A slimehead (D:2)
  66 withered plants (D:2)
69 creatures vanquished.

Grand Total: 295 creatures vanquished

Notes
Turn   | Place    | Note
-------+----------+-------------------------------------------
     0 | D:1      | st0uf the Immature Draconian Demonspawn began the quest for
                  | the Orb.
     0 | D:1      | Reached XP level 1. HP: 16/16 MP: 3/3
    35 | D:1      | Gained mutation: You have sharp fingernails. (+2 Unarmed)
                  | [demonic ancestry]
    35 | D:1      | Reached XP level 2. HP: 24/24 MP: 4/4
    68 | D:1      | Reached skill level 2 in Unarmed Combat
    68 | D:1      | Gained mutation: You are partially covered in sharp spines.
                  | [demonic ancestry]
    68 | D:1      | Reached XP level 3. HP: 28/29 MP: 5/5
   245 | D:1      | Reached XP level 4. HP: 36/36 MP: 7/7
   639 | D:2      | Reached XP level 5. HP: 30/42 MP: 8/8
   757 | D:2      | Reached skill level 3 in Unarmed Combat
   809 | D:2      | Gained mutation: You are mostly covered in sharp spines.
                  | [demonic ancestry]
   809 | D:2      | Reached XP level 6. HP: 42/51 MP: 8/10
   836 | D:2      | Reached skill level 4 in Unarmed Combat
   860 | D:2      | Noticed a slime creature
   863 | D:2      | Your scales start taking on a rich purple colour.
   863 | D:2      | Reached XP level 7. HP: 55/57 MP: 10/12
   863 | D:2      | Gained mutation: You are partially covered in thin metallic
                  | scales. (AC +2) [demonic ancestry]
   863 | D:2      | Gained mutation: Your rich purple scales protect you from
                  | hostile magic. (MR++) [Purple Draconian growth]
   863 | D:2      | Gained mutation: You are in touch with the powers of hexes.
                  | [Purple Draconian growth]
   879 | D:2      | Learned a level 2 spell: Slow
   923 | D:2      | Reached skill level 5 in Unarmed Combat
  1231 | D:2      | Found an ancient bone altar of Kikubaaqudgha.
  1231 | D:2      | Found an iron altar of Okawaru.
  1320 | D:2      | Found a hide-covered altar of Uskayaw.
  1321 | D:2      | Noticed a hatchet
  1321 | D:2      | Noticed a hatchet
  1324 | D:2      | Noticed Duvessa
  1326 | D:2      | Noticed Dowan
  1335 | D:2      | Killed Dowan
  1337 | D:2      | Killed Duvessa
  1339 | D:2      | Reached XP level 8. HP: 27/67 MP: 12/14
  1416 | D:2      | Found a white marble altar of Elyvilon.
  1470 | D:2      | Reached skill level 6 in Unarmed Combat
  1943 | D:3      | Identified a scroll of acquirement
  2088 | D:3      | Reached skill level 5 in Fighting
  2370 | D:4      | Reached skill level 7 in Unarmed Combat
  2370 | D:4      | Reached skill level 5 in Spellcasting
  2405 | D:4      | Found a radiant altar of Vehumet.
  2405 | D:4      | Found a shimmering blue altar of Sif Muna.
  2495 | D:4      | Gained mutation: You have very sharp fingernails. (+4
                  | Unarmed) [demonic ancestry]
  2495 | D:4      | Reached XP level 9. HP: 74/74 MP: 16/16
  2668 | D:4      | Found an opulent altar of Gozag.
  2845 | D:4      | Found a staircase to the Ecumenical Temple.
  2863 | Temple   | Entered the Ecumenical Temple
  2966 | Temple   | Became a worshipper of Bahamut & Tiamat
  3109 | D:4      | Reached skill level 8 in Unarmed Combat
  3267 | D:5      | Entered Level 5 of the Dungeon
  3280 | D:5      | Reached * piety under Bahamut & Tiamat
  3372 | D:5      | Noticed a troll
  3377 | D:5      | Reached skill level 9 in Unarmed Combat
  3380 | D:5      | Noticed Harold
  3388 | D:5      | Gained mutation: You are naturally skilled at Whips &
                  | Flails (Aptitude +3). [draconic bloodline]
  3388 | D:5      | Reached XP level 10. HP: 20/84 MP: 19/19
  3395 | D:5      | Reached ** piety under Bahamut & Tiamat
  3400 | D:5      | HP: 3/84 [Harold/cursed +0 hatchet of distortion {(Curse:
                  | Fragile)} (3)]
  3403 | D:5      | Slain by a guardian mummy

Levels and vault maps discovered:
D:1:      wheals_arrival_shading, layout_loops_ring
D:2:      layout_sewer, dancing_weapons_uskayaw, overflow_temple_1_default,
          gammafunk_temple_overflow_elements, elyvilon_niche, first_ration,
          uniq_duvessa
D:3:      layout_rooms
D:4:      layout_loops_ring, gammafunk_temple_overflow_pools, temple_statues,
          basic_altar
D:5:      layout_gridville, erik_lair_dragon, ossuary_minmay_tomb_2a,
          uniq_harold
Temple:   eino_temple_scatter_basement

Skill      XL: |  1  2  3  4  5  6  7  8  9 |
---------------+----------------------------+-----
Unarmed Combat | 2 3 4 5 7 9 |  9.1
Spellcasting   | 2 3 4 5 6 |  6.3
Dodging        | 3 4 |  4.1
Fighting       | 2 3 4 5 6 |  6.5
Stealth        | 2 |  2.0
Invocations    | 4 |  4.8
Hexes          | |  0.7
Fire Magic     | |  1.8

Action                   |  1- 3 |  4- 6 |  7- 9 | 10-12 || total
-------------------------+-------+-------+-------+-------++-------
Melee: Unarmed           |    68 |   143 |   337 |     4 ||   552
       Tailslap          |     2 |     7 |    29 |       ||    38
Invok: Choose Bahamut's  |       |       |     1 |       ||     1
  Use: Potion            |       |       |     1 |     2 ||     3
 Stab: Sleeping          |     1 |     1 |    11 |       ||    13
       Distracted        |       |       |     1 |       ||     1
  Eat: Chunk             |       |       |     9 |       ||     9
Armor: Skin              |     8 |     9 |    59 |    13 ||    89
Dodge: Dodged            |    16 |    26 |   138 |    21 ||   201
